[Event "FIDE WCCC G12 2018"]
[Site "Santiago de Compostela"]
[Date "2018.11.14"]
[Round "10"]
[White "Cornileau, Juliette"]
[Black "Mahi Amit Doshi"]
[Result "1-0"]
[ECO "B13"]
[WhiteElo "1740"]
[BlackElo "1515"]
[Annotator "NA RC"]
[PlyCount "58"]
[EventDate "2018.11.04"]
[EventType "swiss"]
[EventCountry "ESP"]
[SourceTitle "playchess.com"]
[Source "ChessBase"]
[SourceQuality "1"]
[TimeControl "40/5400+30:1800+30"]

1. e4 c6 2. d4 d5 3. exd5 cxd5 4. Bd3 Nc6 5. c3 Qc7 6. Ne2 Bg4 7. O-O e6 8. f3 Bh5 9. Bf4 Bd6 10. Bxd6 Qxd6 11. Nd2 Nf6 12. Ng3 Bg6 13. Qe2 Qf4 14. Nb3 Bxd3 15. Qxd3 O-O 16. Rfe1 Rfe8 17. Re2 e5 18. dxe5 Nxe5 19. Qd4 Qxd4+ 20. Nxd4 Nd3 21. Rd2 Nf4 22. Rad1 h5 23. Nge2 Nxe2+ 24. Nxe2 Re5 25. Nf4 Rae8 26. Kf1 Rd8 27. c4 Kf8 28. Nxd5 Nxd5 29. cxd5 Rdxd5 1-0

[Event "FIDE WCCC G12 2018"]
[Site "Santiago de Compostela"]
[Date "2018.11.14"]
[Round "10"]
[White "Francisco Guecamburu, Candela Be"]
[Black "Baalla, Nura"]
[Result "1/2-1/2"]
[ECO "C14"]
[WhiteElo "1725"]
[BlackElo "1565"]
[Annotator "NA RC"]
[PlyCount "86"]
[EventDate "2018.11.04"]
[EventType "swiss"]
[EventCountry "ESP"]
[SourceTitle "playchess.com"]
[Source "ChessBase"]
[SourceQuality "1"]
[TimeControl "40/5400+30:1800+30"]

1. e4 e6 2. d4 d5 3. Nc3 Nf6 4. Bg5 Be7 5. e5 Nfd7 6. Bxe7 Qxe7 7. f4 a6 8. Nf3 c5 9. Qd2 Nc6 10. dxc5 Qxc5 11. O-O-O b5 12. Kb1 Nb6 13. Nd4 Nc4 14. Bxc4 bxc4 15. Na4 Qxd4 16. Qxd4 Nxd4 17. Rxd4 Rb8 18. Nc3 Kd7 19. Rhd1 Kc6 20. Ne2 Bd7 21. R4d2 f6 22. Nd4+ Kc7 23. Re2 Rb6 24. Rde1 f5 25. c3 a5 26. Rf2 a4 27. Ree2 Rhb8 28. g3 Be8 29. a3 Bh5 30. Re1 Bg4 31. h3 Bh5 32. Rg1 Bg6 33. Kc1 Bf7 34. g4 g6 35. gxf5 exf5 36. h4 Kd7 37. Rd2 Ke7 38. Nf3 h6 39. Ne1 R6b7 40. Ng2 Rd7 41. Ne3 d4 42. Rgd1 d3 43. Nc2 Rbd8 1/2-1/2

[Event "FIDE WCCC G12 2018"]
[Site "Santiago de Compostela"]
[Date "2018.11.14"]
[Round "10"]
[White "Boramanikar Tanisha S"]
[Black "Omonova, Umida"]
[Result "0-1"]
[ECO "B34"]
[WhiteElo "1716"]
[BlackElo "1854"]
[Annotator "NA RC"]
[PlyCount "112"]
[EventDate "2018.11.04"]
[EventType "swiss"]
[EventCountry "ESP"]
[SourceTitle "playchess.com"]
[Source "ChessBase"]
[SourceQuality "1"]
[TimeControl "40/5400+30:1800+30"]

1. e4 c5 2. Nf3 Nc6 3. d4 cxd4 4. Nxd4 g6 5. Nc3 Bg7 6. Nxc6 bxc6 7. Bc4 d6 8. Qf3 {[%emt 0:01:17] B34: Sicilian: Accelerated Dragon with 5 Nc3: sidelines} e6 (8... Nf6 9. e5 dxe5 10. Qxc6+ Bd7 11. Qa6 O-O 12. O-O Qb8 13. Bb3 Rc8 14. Bg5 e6 15. Rad1 Bc6 {1-0 (30) Zhang,P (2649)-Inarkiev,E (2663) Nizhnij Novgorod 2007 CBM 120 [Reeh,O]}) 9. O-O Ne7 10. Bg5 O-O 11. Bf6 d5 12. Rad1 Bb7 $146 ({Predecessor:} 12... Qc7 13. Bd3 Qb8 14. Ne2 e5 15. b3 d4 {0-1 (30) Smykowski,M (1924)-Lunkiewicz,D (2107) Poland 2007}) 13. Rfe1 Bxf6 14. Qxf6 Nc8 15. Qe5 Qd6 16. exd5 (16. Qxd6 $11 Nxd6 17. Bd3) 16... Qxe5 17. Rxe5 cxd5 18. Bf1 Bc6 19. Ne2 Nd6 20. Nd4 Rfc8 21. Ree1 a5 22. Rd3 Bb5 23. Nxb5 Nxb5 24. Rd2 Nd6 25. a4 Ne4 26. Rde2 Rc7 27. f3 Nd6 28. Rf2 Rac8 29. Bd3 Nc4 30. b3 Nd6 31. g4 Rc3 32. Kg2 R8c7 33. Ree2 Re7 (33... Nb7 $17) 34. Re1 (34. f4 $11) 34... e5 35. Rfe2 f6 36. Re3 Kg7 37. Kf2 {[%emt 0:02:57] [#]} e4 $1 38. fxe4 dxe4 39. R3e2 f5 40. gxf5 gxf5 41. Rd1 Kf6 42. Ba6 Ke5 43. Ke1 e3 44. Rg2 {[%emt 0:01:33] [#]} Ne4 $1 45. Bd3 f4 46. Ke2 {[%emt 0:01:37] [#]} h6 $1 47. Rg6 Nf2 48. Rf1 Nxd3 49. cxd3 Rc2+ 50. Kf3 Rxh2 51. Ra6 Rh3+ 52. Ke2 Kf5 53. Rxa5+ (53. Ra8 $142 Rh2+ 54. Kf3) 53... Kg4 54. Ra8 Rh2+ 55. Ke1 Rc7 56. Rg8+ Kh5 0-1

[Event "FIDE WCCC G12 2018"]
[Site "Santiago de Compostela"]
[Date "2018.11.14"]
[Round "10"]
[White "Denic, Hana"]
[Black "Wagner, Margarethe"]
[Result "1-0"]
[ECO "B90"]
[WhiteElo "1636"]
[BlackElo "1766"]
[Annotator "NA RC"]
[PlyCount "81"]
[EventDate "2018.11.04"]
[EventType "swiss"]
[EventCountry "ESP"]
[SourceTitle "playchess.com"]
[Source "ChessBase"]
[SourceQuality "1"]
[TimeControl "40/5400+30:1800+30"]

1. e4 c5 2. Nf3 d6 3. d4 cxd4 4. Nxd4 Nf6 5. Nc3 a6 6. Be3 e5 7. Nb3 Be6 8. Qd2 Be7 9. f3 h5 10. O-O-O Nbd7 11. h3 h4 12. Kb1 Rc8 13. Bd3 b5 14. Ne2 Qc7 15. Bg5 Nb6 16. Qe1 Nc4 17. Bxf6 Bxf6 18. Qf2 Bg5 19. f4 Bf6 20. c3 a5 21. g4 hxg3 22. Qxg3 g6 23. Bc2 a4 24. Nd2 Nxd2+ 25. Rxd2 Qc4 26. b3 axb3 27. axb3 Qc6 28. Rhd1 Rxh3 29. Qf2 Rd8 30. f5 gxf5 31. exf5 Rf3 32. Qg2 Bc8 33. Rd5 Re3 34. Rxe5+ Rxe5 35. Qxc6+ Bd7 36. Qf3 Ke7 37. Nf4 Kf8 38. Nd5 Bc6 39. Be4 Bg7 40. f6 Bh6 41. Rh1 1-0

[Event "FIDE WCCC G12 2018"]
[Site "Santiago de Compostela"]
[Date "2018.11.14"]
[Round "10"]
[White "Zavivaeva, Emilia"]
[Black "Shuqja, Klean"]
[Result "1-0"]
[ECO "B01"]
[WhiteElo "1633"]
[BlackElo "1798"]
[Annotator "NA RC"]
[PlyCount "105"]
[EventDate "2018.11.04"]
[EventType "swiss"]
[EventCountry "ESP"]
[SourceTitle "playchess.com"]
[Source "ChessBase"]
[SourceQuality "1"]
[TimeControl "40/5400+30:1800+30"]

1. e4 d5 2. exd5 Qxd5 3. Nc3 Qd8 4. d4 Nf6 5. Nf3 Bg4 6. h3 Bxf3 7. Qxf3 c6 8. Be3 e6 9. Bd3 Nbd7 10. O-O-O Bb4 11. Ne2 O-O 12. Nf4 Qa5 13. Kb1 e5 14. Nh5 Rfe8 15. Nxf6+ Nxf6 16. dxe5 Rxe5 17. Bd4 Re6 18. a3 Bf8 19. Bc3 Qc5 20. Bb4 Qb6 21. Bc4 Ree8 22. Bc3 Be7 23. g4 Rf8 24. Rhe1 Rae8 25. Re2 Bd8 26. Rxe8 Nxe8 27. Rd7 Bf6 28. g5 Bxc3 29. Bxf7+ Kh8 30. Qxc3 Nd6 31. Qe5 Nxf7 32. Rxf7 Rg8 33. Qe7 Qd4 34. Rf8 Qd1+ 35. Ka2 Qd5+ 36. b3 a5 37. Rxg8+ Qxg8 38. Qxb7 Qe8 39. Qa7 Qd8 40. Qc5 g6 41. a4 Kg7 42. f4 Qa8 43. Qe7+ Kg8 44. Qe6+ Kg7 45. h4 Qa6 46. f5 gxf5 47. Qxf5 Qb6 48. Qf6+ Kg8 49. h5 Qc5 50. Kb2 Qb4 51. h6 Qf8 52. Qxf8+ Kxf8 53. b4 1-0

[Event "FIDE WCCC G12 2018"]
[Site "Santiago de Compostela"]
[Date "2018.11.14"]
[Round "10"]
[White "Minaeva, Juliana"]
[Black "Nadzamova, Viktoria"]
[Result "1-0"]
[ECO "D02"]
[WhiteElo "1608"]
[BlackElo "1923"]
[Annotator "NA RC"]
[PlyCount "91"]
[EventDate "2018.11.04"]
[EventType "swiss"]
[EventCountry "ESP"]
[SourceTitle "playchess.com"]
[Source "ChessBase"]
[SourceQuality "1"]
[TimeControl "40/5400+30:1800+30"]

1. d4 d5 2. Bf4 Nf6 3. Nf3 e6 4. e3 Bd6 5. Bg3 O-O 6. Bd3 c5 7. c3 Qc7 8. Nbd2 Nbd7 9. O-O {[%emt 0:02:49] D02: 1 d4 d5 2 Nf3 sidelines, including 2...Nf6 3 g3 and 2...Nf6 3 Bf4} e5 10. dxe5 Nxe5 11. Nxe5 Bxe5 {[%emt 0:00:16] LiveBook: 5 Games} 12. Qc2 g6 $146 ({Predecessor:} 12... Bxg3 13. hxg3 b6 14. e4 Bb7 15. exd5 Bxd5 16. Rfe1 Rfe8 17. Ne4 Bxe4 18. Bxe4 Nxe4 19. Rxe4 Qc6 20. Rae1 {½-½ (20) Korobov,A (2685)-Romanov,E (2611) Biograd 2018}) 13. Nf3 Bxg3 14. hxg3 Bd7 15. Rfe1 Rfe8 16. Rac1 Rad8 17. c4 dxc4 18. Bxc4 Bf5 19. Qb3 Ne4 20. Bd5 b6 21. Red1 h6 22. Nd4 Bc8 $2 (22... Bg4 $11 {and Black has nothing to worry.} 23. Nf3 Nf6) 23. Nb5 Qe7 24. Qc2 $2 (24. Bxe4 $1 $18 Qxe4 25. Nd6) 24... Bf5 25. Qc4 Qf6 (25... a6 $15 26. Nc3 b5) 26. Bxe4 Bxe4 27. Rxd8 Qxd8 28. Nc3 Bc6 29. Rd1 Qa8 ({Black should play} 29... Qe7 $11) 30. Qf1 (30. Rd6 $14 Kg7 31. Qf4 Bxg2 32. Rd7) 30... Qb7 31. Rd6 Re5 32. Rd8+ Kg7 33. Rd6 h5 34. Ne2 g5 ({Günstiger ist} 34... Rd5 $15 35. Rxd5 Bxd5) 35. Rd8 Bd5 36. Nc3 Bc6 37. Ne2 h4 38. gxh4 gxh4 39. Nf4 Rg5 40. b3 h3 41. Qa1+ f6 42. Ne6+ Kg6 43. Nxg5 fxg5 44. Rd6+ $18 (44. Rg8+ $142 Kf5 45. Rf8+ Ke6 46. Qf6+ Kd5 47. Qf5+ Kd6 48. Rf6+ Kc7 49. Qe5+ Kc8 50. Rf8+ Be8 51. Rxe8+ Kd7 52. Re7+ Kd8 53. Qd6+ Kc8 54. Re8#) 44... Kh7 45. Qf6 Bxg2 46. Qg6+ 1-0

[Event "FIDE WCCC G12 2018"]
[Site "Santiago de Compostela"]
[Date "2018.11.14"]
[Round "10"]
[White "Pang, Ashley"]
[Black "Mihelic, Vesna"]
[Result "1-0"]
[ECO "C29"]
[WhiteElo "1604"]
[BlackElo "1741"]
[Annotator "NA RC"]
[PlyCount "55"]
[EventDate "2018.11.04"]
[EventType "swiss"]
[EventCountry "ESP"]
[SourceTitle "playchess.com"]
[Source "ChessBase"]
[SourceQuality "1"]
[TimeControl "40/5400+30:1800+30"]

1. e4 e5 2. Nc3 Nf6 3. f4 d5 4. fxe5 Nxe4 5. Nf3 Bc5 6. d4 Bb4 7. Bd2 Nxd2 8. Qxd2 Bg4 9. Bd3 O-O 10. Qf4 Bh5 11. h4 Qd7 12. Bf5 Qc6 13. Kd2 Nd7 14. g4 Bg6 15. h5 Bxf5 16. gxf5 Nb6 17. a3 Nc4+ 18. Ke2 Nxb2 19. f6 Bxc3 20. Qg5 Qc4+ 21. Ke3 Bxd4+ 22. Nxd4 Qc3+ 23. Ke2 Qc4+ 24. Ke3 Qc3+ 25. Ke2 Qc4+ 26. Kf3 Qc3+ 27. Kg2 g6 28. Qh6 1-0

[Event "FIDE WCCC G12 2018"]
[Site "Santiago de Compostela"]
[Date "2018.11.14"]
[Round "10"]
[White "Oz, Irem Ezra"]
[Black "Van Foreest, Machteld"]
[Result "0-1"]
[ECO "C11"]
[WhiteElo "1564"]
[BlackElo "2003"]
[Annotator "NA RC"]
[PlyCount "181"]
[EventDate "2018.11.04"]
[EventType "swiss"]
[EventCountry "ESP"]
[SourceTitle "playchess.com"]
[Source "ChessBase"]
[SourceQuality "1"]
[TimeControl "40/5400+30:1800+30"]

1. e4 e6 2. d4 d5 3. Nc3 Nf6 4. e5 Nfd7 5. Nce2 c5 6. c3 Nc6 7. Nf3 Be7 8. a3 {[%emt 0:01:42] LiveBook: 15 Games C11: French: Classical System: 4 e5 and 4 Bg5 dxe4} b5 9. Nf4 b4 (9... cxd4 $11 {hält das Gleichgewicht.} 10. cxd4 Qa5+ 11. Bd2 Qb6) 10. axb4 cxb4 (10... cxd4 $14 11. Bb5 (11. cxd4 Bxb4+ 12. Bd2 Bxd2+ 13. Qxd2 Qb6 $11) (11. Nxd4 Ndxe5 12. Nxc6 Nxc6 $14) 11... Qb6 12. Bxc6 Qxc6) 11. Bd3 ({Better is} 11. c4 $16) 11... Qb6 $146 ({Predecessor:} 11... a5 $14 12. h4 Ba6 13. Ng5 Bxd3 14. Qxd3 Bxg5 15. hxg5 Qxg5 16. Rxh7 Rxh7 17. Qxh7 {0-1 (26) Dominguez Perez,L (2739)-Meier,G (2628) chess.com INT 2018}) 12. Qc2 (12. Nh5 $16) 12... g6 13. h4 a5 14. Ne2 h6 15. Nf4 Nf8 16. g3 a4 17. O-O ({Viel schlechter ist} 17. Rxa4 b3 $15) 17... b3 18. Qe2 Nd7 19. Bb5 (19. Be3 $16) 19... g5 (19... Ra5 $11 20. Bd3 (20. Bxa4 Ba6 $15) 20... Bb7) 20. hxg5 hxg5 21. Ng2 (21. Nxg5 $16 Bxg5 {[#]} 22. Nxd5 $1 exd5 23. Bxg5) 21... Rb8 22. Bd3 g4 23. Nh2 {[%emt 0:05:10] [#]} a3 $1 24. Nxg4 a2 25. Bf4 Ra8 26. Qf3 Ba6 27. Bxa6 Rxa6 28. Nh6 Na5 29. Bc1 Rf8 30. Qg4 Ba3 31. Nf4 ({Stronger than} 31. bxa3 b2 $15) 31... Nc4 32. Qe2 Rh8 33. Nd3 Bf8 34. Ng4 $1 Qb7 35. Ne3 Ndb6 (35... f6 $17 36. Qf3 Nxe3 37. Bxe3 fxe5) 36. Nxc4 Nxc4 37. Bg5 Be7 38. Bxe7 Qxe7 39. Kg2 {[%emt 0:00:17] [#]} Qg5 $1 40. Qd1 $2 (40. Rh1 Rxh1 41. Kxh1) 40... Qd2 $2 (40... Qf5 $19 41. Nc5 Qh3+ 42. Kf3 Rc6) 41. Qxd2 Nxd2 42. Rh1 $2 (42. Rfe1 $17) 42... Rxh1 43. Kxh1 Ne4 44. Kg2 Rc6 45. Nc1 {[%emt 0:02:07] [#]} Rxc3 $1 46. Nxb3 $2 (46. Nxa2 Rc2 47. Nc1) 46... Rxb3 47. Rxa2 Rb4 48. f3 Nd2 49. Ra8+ Ke7 50. Ra7+ Kf8 51. f4 Rxb2 52. Kh3 Rb4 53. Kg4 Rxd4 54. Kg5 Kg7 55. f5 Ne4+ 56. Kf4 exf5 57. Ke3 Rc4 58. e6 Kf6 59. exf7 Rc8 60. Rd7 Rf8 61. Rxd5 Nxg3 62. Rd6+ Ke5 63. Rd7 Ke6 64. Ra7 Nh5 65. Ra6+ Kxf7 66. Rh6 Nf6 67. Kf4 Ke6 68. Rh1 Nd5+ 69. Kf3 Nf6 $2 (69... Rb8 $19 70. Re1+ Kd6) 70. Re1+ Ne4 71. Ra1 Rh8 72. Ra6+ Ke5 73. Ra5+ Kf6 74. Ra1 Rh3+ 75. Kg2 Rg3+ 76. Kf1 Kg5 77. Ra2 Kg4 78. Ra4 Rb3 79. Kg2 Rc3 80. Rb4 Rc2+ 81. Kf1 Kf3 82. Rb3+ Rc3 83. Rxc3+ Nxc3 84. Ke1 Kg2 85. Kd2 f4 86. Kxc3 f3 87. Kd3 f2 88. Ke3 f1=Q 89. Ke4 Qf3+ 90. Ke5 Kg3 91. Ke6 0-1

[Event "FIDE WCCC G12 2018"]
[Site "Santiago de Compostela"]
[Date "2018.11.14"]
[Round "10"]
[White "Mellor, Jessica"]
[Black "Munkhzul, Davaakhuu"]
[Result "0-1"]
[ECO "B23"]
[WhiteElo "1555"]
[BlackElo "1781"]
[Annotator "NA RC"]
[PlyCount "180"]
[EventDate "2018.11.04"]
[EventType "swiss"]
[EventCountry "ESP"]
[SourceTitle "playchess.com"]
[Source "ChessBase"]
[SourceQuality "1"]
[TimeControl "40/5400+30:1800+30"]

1. e4 c5 2. Nc3 Nc6 3. f4 g6 4. Nf3 Bg7 5. Bb5 a6 6. Bxc6 dxc6 7. O-O Nf6 8. d3 O-O 9. Qe1 Be6 10. Qh4 h5 11. Qg3 Kh8 12. Nh4 Rg8 13. h3 Nh7 14. Qf3 Bd7 15. g4 Bd4+ 16. Kh1 e5 17. Ng2 Qf6 18. g5 Qg7 19. Qg3 f6 20. h4 Raf8 21. Bd2 f5 22. Rae1 fxe4 23. Rxe4 Bf5 24. Ree1 Re8 25. Be3 Rgf8 26. Bxd4 cxd4 27. Ne4 Bxe4 28. Rxe4 exf4 29. Rexf4 Kg8 30. Kg1 Rxf4 31. Nxf4 Re3 32. Rf3 Qe5 33. Rxe3 dxe3 34. Kf1 Nf8 35. Qf3 Qxb2 36. Qxe3 Qb1+ 37. Qe1 Qxc2 38. Ne6 Qxd3+ 39. Kg1 Qc4 40. Nxf8 Kxf8 41. Qf2+ Qf7 42. Qd4 Ke7 43. Qe5+ Kd7 44. Qd4+ Kc7 45. Qe5+ Kb6 46. Qd4+ Kc7 47. Qe5+ Kd7 48. Qd4+ Ke8 49. Qe5+ Kf8 50. Qh8+ Qg8 51. Qf6+ Ke8 52. Qe5+ Kd7 53. Qd4+ Kc8 54. Qe5 b5 55. Qe4 Kb7 56. Qe7+ Kb6 57. Qe3+ Kb7 58. Qe7+ Kc8 59. Qe4 Kd7 60. Qd4+ Kc8 61. Qe4 Kb7 62. Qe7+ Kb6 63. Qe3+ c5 64. Qe5 Qxa2 65. Qd6+ Ka5 66. Qxc5 Qe6 67. Qc3+ b4 68. Qa1+ Kb5 69. Qf1+ Qc4 70. Qe1 b3 71. Qe8+ Qc6 72. Qe2+ Ka4 73. Qe5 Qc1+ 74. Kg2 Qc2+ 75. Kg1 b2 76. Qe8+ Kb4 77. Qb8+ Kc3 78. Qc7+ Kd2 79. Qd6+ Kc1 80. Qf4+ Kb1 81. Qb4 Qd1+ 82. Kg2 Qg4+ 83. Qxg4 hxg4 84. Kg3 Kc1 85. Kxg4 b1=Q 86. h5 Qf5+ 87. Kh4 Qf4+ 88. Kh3 gxh5 89. g6 Qg4+ 90. Kh2 Qxg6 0-1

[Event "FIDE WCCC G12 2018"]
[Site "Santiago de Compostela"]
[Date "2018.11.14"]
[Round "10"]
[White "Kovacsi, Sara Kata"]
[Black "Karmanova, Olga Dm."]
[Result "0-1"]
[ECO "A88"]
[WhiteElo "1554"]
[BlackElo "1819"]
[Annotator "NA RC"]
[PlyCount "112"]
[EventDate "2018.11.04"]
[EventType "swiss"]
[EventCountry "ESP"]
[SourceTitle "playchess.com"]
[Source "ChessBase"]
[SourceQuality "1"]
[TimeControl "40/5400+30:1800+30"]

1. d4 f5 2. c4 Nf6 3. Nc3 g6 4. Nf3 Bg7 5. g3 O-O 6. Bg2 d6 7. O-O c6 8. Qc2 Na6 9. a3 {[%emt 0:00:33] LiveBook: 45 Games} Nh5 {[%emt 0:01:38] A88: Dutch Defence: Leningrad System: 5 Nf3 0-0 6 0-0 d6 7 Nc3 c6} (9... Qe8 10. b4 e5 11. dxe5 dxe5 12. e4 Nxe4 13. Nxe4 fxe4 14. Ng5 Nc7 15. Bxe4 Ne6 16. Nxe6 Bxe6 17. Be3 Qf7 18. Rac1 Bf5 19. Rfe1 {½-½ (19) Safarli,E (2664)-Kuzubov,Y (2632) Nakhchivan 2016}) 10. h3 $146 ({Predecessor:} 10. b4 e5 11. dxe5 dxe5 12. e4 f4 13. Bb2 g5 14. Rfd1 Qe7 15. Na4 Bf6 16. c5 Nc7 17. Rd6 {1-0 (47) Maksimenko,A (2554)-Haub,T (2476) Odense 2012}) 10... Qc7 ({Black should try} 10... e5 $11) 11. Rd1 e5 $1 12. e4 fxe4 13. Nxe4 Bf5 14. Qe2 (14. dxe5 $14 dxe5 15. Be3) 14... Rae8 15. d5 cxd5 16. Rxd5 Bxe4 $1 17. Qxe4 Nf6 18. Qh4 Nxd5 19. cxd5 Bf6 20. Bg5 Bxg5 ({Better is} 20... e4 $19 21. Bxf6 exf3) 21. Nxg5 Qe7 22. Qg4 h5 ({Black should try} 22... Nc5 $19 23. Ne6 Nxe6 24. dxe6 Rc8) 23. Qe6+ Qxe6 24. dxe6 Nc7 25. Bxb7 Rb8 ({And not} 25... Nxe6 26. Bd5 $16) 26. Bc6 Rxb2 27. e7 Rfb8 28. Ne6 Ne8 (28... Nxe6 $17 29. e8=Q+ Rxe8 30. Bxe8 Kg7) 29. Nd8 $1 Nf6 30. Kg2 Rd2 {[%emt 0:01:02] [#]} 31. Re1 (31. g4 $1 $11 {[%mdl 512] was the only way to keep the balance.} hxg4 32. hxg4) 31... Rbb2 32. Rf1 d5 33. e8=Q+ Nxe8 34. Bxe8 Rb8 35. Bxg6 Rxd8 36. Bxh5 e4 37. Re1 Rb8 38. Re2 Rd3 39. a4 Ra3 40. Rd2 Rd8 41. Rd4 Kg7 42. Bd1 Kf6 43. f4 Ke6 44. h4 Kd6 45. h5 Kc5 46. Rd2 d4 47. g4 d3 48. g5 Kd4 49. Kf1 e3 50. Rb2 Ra1 51. Ke1 Kc3 52. Rb3+ Kc4 53. Rb2 d2+ 54. Ke2 Rxd1 55. Rxd2 exd2 56. Kxd1 Kd3 0-1

[Event "FIDE WCCC G12 2018"]
[Site "Santiago de Compostela"]
[Date "2018.11.14"]
[Round "10"]
[White "Wisniowski, Natalie"]
[Black "Wang, Ellen"]
[Result "0-1"]
[ECO "A45"]
[WhiteElo "1504"]
[BlackElo "1711"]
[Annotator "NA RC"]
[PlyCount "124"]
[EventDate "2018.11.04"]
[EventType "swiss"]
[EventCountry "ESP"]
[SourceTitle "playchess.com"]
[Source "ChessBase"]
[SourceQuality "1"]
[TimeControl "40/5400+30:1800+30"]

1. d4 Nf6 2. Bf4 g6 3. Nc3 d5 4. e3 Bg7 5. h4 a6 6. a4 c5 7. Nf3 Nc6 8. Ne5 Qb6 9. Nxc6 Qxb2 10. Kd2 Qb6 11. Ne5 cxd4 12. Ne2 Ne4+ 13. Kc1 Nxf2 14. Qxd4 Qxd4 15. exd4 Nxh1 16. Be3 Bf5 17. Rb1 Rc8 18. Rb2 O-O 19. Kd2 Be4 20. Nd3 Bxd3 21. cxd3 e5 22. Ke1 exd4 23. Bf4 Rfe8 24. g3 Be5 25. Bxe5 Rxe5 26. Kd2 Nf2 27. Rxb7 Rce8 28. Nxd4 Re1 29. Be2 Ra1 30. Nc2 Ra2 31. Rc7 d4 32. Bf3 Re5 33. Rc4 Rf5 34. Bc6 Ng4 35. Be4 Rf2+ 36. Kc1 Ne3 37. Rc8+ Kg7 38. Kb1 Raxc2 39. Rxc2 Rxc2 40. Bb7 Rc7 41. Bxa6 Ra7 42. Bb5 Nd5 43. Kb2 Nc3 44. Kb3 Kf6 45. Kc4 Ke5 46. g4 Nxa4 47. h5 Nb6+ 48. Kb4 Nd5+ 49. Kb3 Rb7 50. Kc4 Ne3+ 51. Kc5 Nxg4 52. hxg6 fxg6 53. Bc4 h5 54. Ba2 h4 55. Bd5 Rc7+ 56. Kb4 Kxd5 57. Ka4 h3 58. Ka5 h2 59. Kb6 h1=Q 60. Kxc7 Qh7+ 61. Kb8 Kc6 62. Ka8 Qb7# 0-1

[Event "FIDE WCCC G12 2018"]
[Site "Santiago de Compostela"]
[Date "2018.11.14"]
[Round "10"]
[White "Cao, Joy"]
[Black "Rueda Nessi, Juana"]
[Result "1-0"]
[ECO "C16"]
[WhiteElo "1411"]
[BlackElo "1642"]
[Annotator "NA RC"]
[PlyCount "99"]
[EventDate "2018.11.04"]
[EventType "swiss"]
[EventCountry "ESP"]
[SourceTitle "playchess.com"]
[Source "ChessBase"]
[SourceQuality "1"]
[TimeControl "40/5400+30:1800+30"]

1. e4 e6 2. d4 d5 3. Nc3 Bb4 4. e5 b6 5. f4 Ba6 6. Bxa6 Nxa6 7. Bd2 Nh6 8. Qe2 Nb8 9. Qb5+ Qd7 10. Qxb4 Nc6 11. Qa4 Nf5 12. Nf3 Ncxd4 13. Qxd7+ Kxd7 14. Nxd4 Nxd4 15. O-O-O c5 16. Be3 Nf5 17. Bf2 Rab8 18. g4 Ne7 19. Bh4 b5 20. Bxe7 Kxe7 21. f5 b4 22. Ne2 a5 23. Rhf1 Rhf8 24. Rf3 a4 25. Rh3 h6 26. Nf4 Kd7 27. Nh5 Rg8 28. f6 g6 29. Nf4 Rh8 30. Nd3 Kc6 31. b3 axb3 32. axb3 c4 33. bxc4 dxc4 34. Nb2 c3 35. Rd6+ Kc7 36. Nd3 Ra8 37. Kd1 Ra1+ 38. Ke2 Rb1 39. Rd4 Rb8 40. Rc4+ Kd7 41. Rxh6 Rc8 42. Rxb4 Rxb4 43. Nxb4 Rc4 44. Nd3 Rxg4 45. Kf3 Rd4 46. Ke3 Rg4 47. Rh7 Rg2 48. Rxf7+ Kd8 49. Rf8+ Kd7 50. Rh8 1-0

[Event "FIDE WCCC G12 2018"]
[Site "Santiago de Compostela"]
[Date "2018.11.15"]
[Round "11"]
[White "Omonova, Umida"]
[Black "Van Foreest, Machteld"]
[Result "1/2-1/2"]
[ECO "B48"]
[WhiteElo "1854"]
[BlackElo "2003"]
[Annotator "NA"]
[PlyCount "104"]
[EventDate "2018.11.04"]
[EventType "swiss"]
[EventCountry "ESP"]
[SourceTitle "playchess.com"]
[Source "ChessBase"]
[SourceQuality "1"]
[TimeControl "40/5400+30:1800+30"]

1. e4 c5 2. Nf3 e6 3. d4 cxd4 4. Nxd4 Nc6 5. Nc3 Qc7 6. Be3 a6 7. a3 b5 8. Be2 Bb7 9. O-O Nf6 10. Nxc6 Bxc6 {[%emt 0:03:07] LiveBook: 15 Games} 11. Bf3 {[%emt 0:00:56] B49: Sicilian: Taimanov: 5 Nc3 Qc7 6 Be3 a6 7 Be2} (11. Bd3 Be7 12. f4 d6 13. Qf3 Qb7 14. Rae1 O-O 15. Bd4 b4 16. axb4 Qxb4 17. Ne2 d5 18. e5 Ne4 {½-½ (44) Karjakin,S (2779)-Kurnosov,I (2663) Astana 2012}) 11... Bd6 12. g3 Be5 13. Bd4 {[%emt 0:00:42] [#]} Rd8 $146 ({Predecessor:} 13... h5 14. Re1 Bxd4 15. Qxd4 e5 16. Nd5 Bxd5 17. exd5 d6 18. Qd3 h4 {0-1 (33) Petrov,V (2311)-Perunovic,M (2624) Skopje 2015}) 14. Re1 O-O 15. Bg2 d5 16. Bxe5 Qxe5 17. exd5 Qc7 18. Qe2 exd5 19. Rad1 d4 20. Ne4 Nxe4 21. Bxe4 Rfe8 22. Qd3 Bxe4 23. Rxe4 Rxe4 24. Qxe4 h6 25. Re1 Qc4 26. Qf5 b4 27. b3 Qc8 28. Qxc8 Rxc8 29. axb4 Rxc2 30. Rd1 Rc3 31. Rxd4 Rxb3 32. Kg2 Kf8 33. Rd6 Rxb4 34. Rxa6 Rb2 35. Ra8+ Ke7 36. Ra7+ Ke6 37. Ra6+ Ke5 38. Ra5+ Ke6 39. Ra6+ Ke5 40. h4 Kf5 41. Ra4 h5 42. Rf4+ Ke6 43. Kh3 g6 44. f3 Ra2 45. g4 hxg4+ 46. Kxg4 Rg2+ 47. Kh3 Ra2 48. Kg3 Ra1 49. Rb4 $11 Kf5 50. Rb5+ Kf6 51. Rb6+ Kf5 52. Rb5+ Kf6 1/2-1/2

[Event "FIDE WCCC G12 2018"]
[Site "Santiago de Compostela"]
[Date "2018.11.15"]
[Round "11"]
[White "Karmanova, Olga Dm."]
[Black "Minaeva, Juliana"]
[Result "1-0"]
[ECO "A20"]
[WhiteElo "1819"]
[BlackElo "1608"]
[Annotator "NA"]
[PlyCount "47"]
[EventDate "2018.11.04"]
[EventType "swiss"]
[EventCountry "ESP"]
[SourceTitle "playchess.com"]
[Source "ChessBase"]
[SourceQuality "1"]
[TimeControl "40/5400+30:1800+30"]

1. c4 e5 2. g3 Nf6 3. Bg2 Bc5 4. Nc3 d6 5. e3 Nc6 6. Nge2 O-O 7. O-O Bf5 8. d4 exd4 9. exd4 Bb6 10. h3 {[%emt 0:02:01] A25: English Opening vs King's Indian with ...Nc6 but without early d3} Re8 {[%emt 0:03:14] LiveBook: 3 Games} 11. Be3 (11. g4 Bg6 12. Bg5 h6 13. Bh4 Bh7 14. f4 d5 15. c5 Ba5 16. Nxd5 Nxd5 17. Bxd8 {1-0 (28) Liu,Z (2267)-Zhang,F (2248) Daqing 2018}) 11... Qd7 12. Kh2 Rad8 $146 (12... h6 $14) ({Predecessor:} 12... Rab8 13. a3 a5 14. c5 dxc5 15. dxc5 {½-½ (33) Hidalgo Garcia,A (1772)-Bustos Bernardo,S (1917) Salobrena 2015}) 13. a3 a6 14. Bg5 Qe7 15. Re1 Qf8 16. Bxf6 gxf6 17. g4 Bg6 18. Bxc6 (18. Nd5 $16) 18... bxc6 19. Qa4 $11 (19. h4 $14) 19... c5 20. d5 Qh6 21. Ng3 Rxe1 22. Rxe1 Qf4 23. Kg2 Bd3 24. Re8+ 1-0